 Dungeon Crawl Stone Soup version 0.26.1-11-gd32895ea62 (webtiles) character file.

Game seed: 10785706750783490919

609 dtburroughs the Chopper (level 7, -2/91 HPs)
             Began as a Minotaur Berserker on July 17, 2021.
             Was a Believer of Trog.
             Slain by Edmund
             ... wielding a +1 vorpal dire flail
              (3 damage)
             ... on level 4 of the Dungeon.
             The game lasted 00:06:11 (4265 turns).

dtburroughs the Chopper (Minotaur Berserker)        Turns: 4265, Time: 00:06:11

Health: -2/91      AC:  2    Str: 22    XL:     7   Next: 19%
Magic:  6/6        EV: 13    Int:  6    God:    Trog [**....]
Gold:   165        SH:  0    Dex:  9    Spells: 6/6 levels left

rFire    . . .     SeeInvis .   A - +0 battleaxe
rCold    . . .     Faith    .   (shield currently unavailable)
rNeg     . . .     Spirit   .   b - +0 animal skin
rPois    .         Reflect  .   (helmet restricted)
rElec    .         Harm     .   (no cloak)
rCorr    .         Rampage  .   (no gloves)
Will     .....                  (no boots)
Stlth    ..........             (no amulet)
HPRegen  0.25/turn              (no ring)
MPRegen  0.10/turn              (no ring)

@: berserking, very quick
A: retaliatory headbutt, horns 2
a: Renounce Religion, Berserk, Trog's Hand


You were on level 4 of the Dungeon.
You worshipped Trog.
Trog was pleased with you.
You visited 1 branch of the dungeon, and saw 4 of its levels.

You collected 165 gold pieces.

Inventory:

Hand Weapons
 a - a +0 hand axe
 o - a +0 flail
 A - a +0 battleaxe (weapon)
Armour
 b - a +0 animal skin (worn)
 j - a +2 tower shield
Jewellery
 l - a cursed ring of attention {unknown}
 t - a +4 ring of protection {unknown}
 w - an uncursed ring of poison resistance {unknown}
Wands
 p - a wand of random effects (18)
 B - a wand of digging (7)
Scrolls
 d - a scroll of enchant armour {unknown}
 e - 4 scrolls of identify {unknown}
 h - a scroll of teleportation {unknown}
 k - a scroll of enchant weapon {unknown}
 m - a scroll of remove curse {unknown}
 q - a scroll of immolation {unknown}
 s - a scroll of magic mapping {unknown}
 u - a scroll of random uselessness {unknown}
 v - a scroll of fog {unknown}
 x - a scroll of amnesia {unknown}
 y - a scroll of blinking {unknown}
Potions
 c - a potion of lignification {unknown}
 f - a potion of haste {unknown}
 g - 2 potions of curing {unknown}
 i - 2 potions of flight {unknown}
 n - 4 potions of attraction {unknown}
 r - a potion of resistance {unknown}
 z - a potion of ambrosia {unknown}


   Skills:
 + Level 5.4 Fighting
 + Level 5.4 Axes
 + Level 4.6 Armour
 + Level 4.2 Dodging
 + Level 3.4 Shields
 + Level 1.5 Evocations


You had 6 spell levels left.
You didn't know any spells.
Your spell library was empty.

Dungeon Overview and Level Annotations

Branches:
Dungeon (4/15)
 Temple: D:4-7

Altars:
Trog

Annotations:
D:4 Edmund


Innate Abilities, Weirdness & Mutations

You reflexively headbutt those who attack you in melee.
You have a pair of horns on your head.


Message History

You hit Edmund but do no damage.
Edmund is almost dead.
Edmund hits you with a +1 vorpal dire flail!
* * * LOW HITPOINT WARNING * * *
x2 Edmund barely misses you.
A red film seems to cover your vision as you go berserk!
You feel yourself moving faster!
You feel mighty! Edmund barely misses you.
You hit Edmund.
Edmund is almost dead.
You hit Edmund but do no damage.
Edmund is almost dead.
Edmund barely misses you.
You closely miss Edmund. You headbutt Edmund.
Edmund is almost dead.
Edmund barely misses you.
You barely miss Edmund.
Edmund is almost dead.
Edmund hits you with a +1 vorpal dire flail!
* * * LOW HITPOINT WARNING * * *
You die...

### #### ###### ...
... ##.. ..# #.# ...
#...###.#.#####.##
##. #.###.###.#...#
#.. #....>@@...?#
#..###[#######.#...#
#.#...## ####$##
#.##.## .# #.##.# .
#.##.# ## #.##.###
#......# ####.#.#.#


You could see Edmund.

Vanquished Creatures
  An ice beast (D:2)
  A necrophage (D:2)
  An ogre (D:3)
  Blork the orc (D:4)
  A scorpion (D:4)
  Natasha (thrice) (D:2)
  A hound skeleton (D:4)
  4 adders (D:2)
  An ufetubus (D:2)
  3 oozes
  3 worms (D:2)
  3 dart slugs (D:1)
  2 leopard geckos (D:2)
  6 orcs (D:3)
  7 giant cockroaches
  7 hobgoblins
  4 jackals (D:1)
  10 bats
  4 frilled lizards
  8 goblins
  8 kobolds
  3 rats
82 creatures vanquished.

Notes
Turn   | Place    | Note
-------+----------+-------------------------------------------
     0 | D:1      | dtburroughs the Minotaur Berserker began the quest for the
                  | Orb.
     0 | D:1      | Reached XP level 1. HP: 19/19 MP: 0/0
   285 | D:1      | Reached XP level 2. HP: 26/27 MP: 1/1
   511 | D:1      | Reached ** piety under Trog
   911 | D:1      | Reached XP level 3. HP: 32/33 MP: 2/2
  1253 | D:2      | Reached skill level 1 in Shields
  1397 | D:2      | Noticed an ice beast
  1405 | D:2      | Killed an ice beast
  1406 | D:2      | Reached XP level 4. HP: 29/41 MP: 3/3
  1406 | D:2      | Reached XP level 5. HP: 33/47 MP: 4/4
  1613 | D:2      | Noticed Natasha
  1629 | D:2      | Killed Natasha
  1771 | D:2      | Noticed Natasha
  1780 | D:2      | Killed Natasha
  2204 | D:2      | Noticed Natasha
  2236 | D:2      | Killed Natasha
  2660 | D:2      | Noticed a necrophage
  2682 | D:2      | Killed a necrophage
  2683 | D:2      | Reached skill level 5 in Fighting
  2683 | D:2      | Reached skill level 5 in Axes
  2683 | D:2      | Reached XP level 6. HP: 34/56 MP: 5/5
  2792 | D:2      | Reached skill level 1 in Evocations
  2920 | D:2      | Found a bloodstained altar of Trog.
  4031 | D:4      | Reached XP level 7. HP: 42/61 MP: 6/6
  4147 | D:4      | Noticed Blork the orc
  4157 | D:4      | Killed Blork the orc
  4242 | D:4      | Noticed Edmund
  4265 | D:4      | HP: 1/91 [Edmund/+1 vorpal dire flail (7)]
  4265 | D:4      | Slain by Edmund

Illustrated notes

Levels and vault maps discovered:
D:1:      lemuel_arrival_river_ford, layout_basic,
          chequers_serial_rivers_small_a
D:2:      layout_basic, lightli_temple_of_fire, minmay_misc_feat_cross,
          minmay_divided_ellipse, uniq_natasha
D:3:      layout_basic
D:4:      cheibrodos_barr_body, layout_loops_ring, minitemple,
          makhleb_grotto_becter, uniq_blork_the_orc, uniq_edmund

Skill      XL: |  1  2  3  4  5  6 |
---------------+-------------------+-----
Axes           | 4 5 |  5.4
Fighting       | 4 5 |  5.4
Armour         | 3 4 |  4.6
Shields        | 1 2 3 |  3.4
Dodging        | 3 4 |  4.2
Evocations     | 1 |  1.5

Action                   |  1- 3 |  4- 6 |  7- 9 || total
-------------------------+-------+-------+-------++-------
Melee: Hand axe          |    78 |   130 |     9 ||   217
       Headbutt          |    15 |    24 |     6 ||    45
       Battleaxe         |       |       |    11 ||    11
Invok: Berserk           |     1 |       |     1 ||     2
       Trog's Hand       |       |     3 |     1 ||     4
Armor: Animal skin       |    27 |    14 |       ||    41
Dodge: Dodged            |    47 |    95 |    11 ||   153
